 Dungeon Crawl Stone Soup version 0.25-a0-505-gae4569222e (webtiles) character file.

Game seed: 16534046519784553360, levelgen mode: deterministic

10451 kae the Martial Artist (level 11, -5/91 HPs)
             Began as a Demonspawn Gladiator on Feb 14, 2020.
             Was an Elder of Wu Jian.
             Slain by a six-headed hydra (9 damage)
             ... on level 1 of the Lair of Beasts.
             The game lasted 00:11:10 (10630 turns).

kae the Martial Artist (Demonspawn Gladiator)      Turns: 10630, Time: 00:11:11

Health: -5/91      AC:  8    Str: 16    XL:     11   Next: 36%
Magic:  0/14       EV: 13    Int: 10    God:    Wu Jian [****..]
Gold:   419        SH:  0    Dex: 22    Spells: 10/10 levels left

rFire    . . .     SeeInvis .     - Unarmed
rCold    + . .     Gourm    .   (no shield)
rNeg     . . .     Faith    .   a - +0 leather armour
rPois    +         Spirit   +   D - +2 hat {MR+}
rElec    +         Reflect  .   q - +2 cloak {rPois}
rCorr    .         Harm     .   (no gloves)
MR       ++...                  (no boots)
Stlth    +++.......             (no amulet)
HPRegen  0.00/turn              v - ring "Tefiklups" {*Contam rElec rC+ Str+2}
MPRegen  0.28/turn              o - ring of protection from magic

@: no status effects
A: talons 2, thin skeletal structure 2, inhibited regeneration, spiny 1, wild
magic 1, magic shield, magic regeneration
a: Wall Jump, Serpent's Lash, Renounce Religion


You were on level 1 of the Lair of Beasts.
You worshipped Wu Jian.
Wu Jian was greatly pleased with you.
You were near starving.

You visited 3 branches of the dungeon, and saw 12 of its levels.

You collected 659 gold pieces.
You spent 240 gold pieces at shops.

Inventory:

Missiles
 c - 5 throwing nets (quivered)
Armour
 a - a +0 leather armour (worn)
 b - a +1 helmet
 q - a +2 cloak of poison resistance (worn)
 D - a +2 hat of magic resistance (worn)
Jewellery
 i - an uncursed ring of ice
 o - a ring of protection from magic (right hand)
 v - the ring "Tefiklups" (left hand) {*Contam rElec rC+ Str+2}
   (You took it off a crimson imp on level 7 of the Dungeon)

   [ring of protection from cold]

   It affects your strength (+2).
   It protects you from cold.
   It insulates you from electricity.
   It causes magical contamination when unequipped.
 w - an uncursed ring of protection from fire
Wands
 k - a wand of acid (19)
 l - a wand of iceblast (9)
 n - a wand of polymorph (16)
Scrolls
 j - a scroll of enchant armour
 m - 2 scrolls of remove curse
 p - 4 scrolls of blinking
 r - 3 scrolls of identify
 s - 2 scrolls of fear
 t - 2 scrolls of amnesia
 y - a scroll of teleportation
Potions
 e - a potion of mutation
 f - 2 potions of brilliance
 g - a potion of ambrosia
 h - a potion of resistance
 u - 4 potions of flight
 x - 4 potions of curing
 z - a potion of lignification
 A - a potion of heal wounds
Comestibles
 d - 25 rations


   Skills:
 + Level 10.2 Fighting
 - Level 1.7 Throwing
 - Level 2.6 Dodging
 * Level 12.9 Unarmed Combat
 - Level 5.0 Evocations


You had 10 spell levels left.
You didn't know any spells.
Your spell library contained the following spells:

 Spells                   Type           Power        Failure   Level  Hunger
 Animate Skeleton         Necr           N/A          52%         1    ##.....
 Apportation              Tloc           #.....       52%         1    ##.....
 Corona                   Hex            #......      52%         1    ##.....
 Summon Small Mammal      Summ           #...         52%         1    ##.....


Dungeon Overview and Level Annotations

Branches:
Dungeon (10/15)            Temple (1/1) D:5            Lair (1/6) D:9
    Orc (0/2) D:9

Altars:
Ashenzari
Cheibriados
Dithmenos
Elyvilon
Gozag
Hepliaklqana
Kikubaaqudgha
Makhleb
Nemelex Xobeh
Okawaru
Sif Muna
Trog
Uskayaw
Wu Jian
Xom
The Shining One

Shops:
D:4 [   D:5 (

Annotations:
D:4 exclusion: ogre
Lair:1 exclusion: oklob plant


Innate Abilities, Weirdness & Mutations

You have razor-sharp toenails.
You have a moderately thin skeletal structure. (Dex +4, Stealth+)
You are partially covered in sharp spines.
When hurt, damage is shared between your health and your magic reserves.
You regenerate magic rapidly.
You do not regenerate when monsters are visible.
Your spells are a little harder to cast, but a little more powerful.


Message History

The yak is severely wounded.
You hit the yak. You claw the yak.
The yak is severely wounded.
The yak is struck by your spines.
You kill the yak!
The Council accepts your kill. The yak barely misses you.
You spin and attack the six-headed hydra.
You punch the six-headed hydra!
The six-headed hydra is severely wounded.
You spin and attack the yak.
You punch the yak!
The yak is almost dead.
The yak barely misses you.
The six-headed hydra is struck by your spines.
The six-headed hydra bites you!
* * * LOW HITPOINT WARNING * * *
The six-headed hydra bites you!
* * * LOW HITPOINT WARNING * * *
The six-headed hydra bites you!
You die...

..................
.........................
.........}................
..........................
..........................
..........................
..........................
..............†D..........
...............Y@.........
##.P.#P.####.#............
####.##.P# ###............
#.##.## #...†........
####.#..# #...........t
..##.##.# #............
........P #............
....###.. #............
......... #............


You could see a six-headed hydra (pinned) and a yak (pinned).

Vanquished Creatures
  Gastronok (D:10)
  An ugly thing (D:10)
  Psyche (D:8)
  Prince Ribbit (D:5)
  A troll (D:9)
  2 hippogriffs
  A spriggan (D:9)
  Sigmund (D:5)
  A hungry ghost (D:9)
  6 yaks
  Edmund (Temple)
  2 sky beasts
  A porcupine (D:9)
  An ice beast (D:6)
  8 orc warriors
  3 black bears (D:9)
  A phantom (D:6)
  2 ogres
  A necrophage (D:9)
  4 centaurs
  4 crocodiles
  Blork the orc (D:5)
  13 bullfrogs
  2 scorpions
  12 killer bees
  A howler monkey (D:8)
  7 wights (D:7)
  6 crimson imps
  A centaur zombie (D:5)
  4 hounds
  2 quasits
  4 jellies
  8 orc priests
  4 bullfrog skeletons
  A bullfrog zombie (D:9)
  Crazy Yiuf (D:6)
  10 orc wizards
  4 iguanas
  Jessica (D:2)
  4 worker ants
  A howler monkey skeleton (D:2)
  A worker ant zombie (D:7)
  7 adders
  10 gnolls
  3 shadow imps
  2 adder skeletons
  A worm (D:4)
  2 dart slugs
  2 leopard geckos
  41 orcs
  A ball python (D:6)
  5 bats
  4 giant cockroaches
  9 goblins
  6 hobgoblins
  3 quokkas
  6 frilled lizards
  5 kobolds
  2 leopard gecko skeletons
  A quokka skeleton (D:5)
  5 rats
247 creatures vanquished.

Vanquished Creatures (others)
  25 fungi (D:9)
  7 plants (D:9)
32 creatures vanquished.

Grand Total: 279 creatures vanquished

Notes
Turn   | Place    | Note
-------+----------+-------------------------------------------
     0 | D:1      | kae the Demonspawn Gladiator began the quest for the Orb.
     0 | D:1      | Reached XP level 1. HP: 16/16 MP: 1/1
    81 | D:1      | Reached skill level 3 in Unarmed Combat
    81 | D:1      | Gained mutation: You have a somewhat thin skeletal
                  | structure. (Dex +2, Stealth) [demonic ancestry]
    81 | D:1      | Reached XP level 2. HP: 6/22 MP: 2/2
   845 | D:2      | Gained mutation: You have a moderately thin skeletal
                  | structure. (Dex +4, Stealth+) [demonic ancestry]
   845 | D:2      | Reached XP level 3. HP: 28/28 MP: 3/3
   875 | D:2      | Found a burning altar of Makhleb.
   876 | D:2      | Found a hide-covered altar of Uskayaw.
  1196 | D:2      | Found a shimmering blue altar of Sif Muna.
  1295 | D:2      | Found a shimmering altar of Xom.
  1295 | D:2      | Found an opulent altar of Gozag.
  1296 | D:2      | Found an ancient bone altar of Kikubaaqudgha.
  1407 | D:2      | Noticed Jessica
  1415 | D:2      | Killed Jessica
  1415 | D:2      | Reached skill level 4 in Unarmed Combat
  1415 | D:2      | Gained mutation: You are partially covered in sharp spines.
                  | [demonic ancestry]
  1415 | D:2      | Reached XP level 4. HP: 35/35 MP: 4/4
  2198 | D:3      | Gained mutation: When hurt, damage is shared between your
                  | health and your magic reserves. [demonic ancestry]
  2198 | D:3      | Reached XP level 5. HP: 17/41 MP: 5/5
  2518 | D:3      | Reached skill level 5 in Unarmed Combat
  2716 | D:3      | Found a snail-covered altar of Cheibriados.
  2807 | D:3      | Found a glowing golden altar of the Shining One.
  3191 | D:4      | Gained mutation: You have sharp toenails. [demonic
                  | ancestry]
  3191 | D:4      | Reached XP level 6. HP: 40/48 MP: 6/6
  3643 | D:4      | Reached skill level 6 in Unarmed Combat
  3665 | D:4      | Found Fiwoqanobu's Antique Armour Boutique.
  3672 | D:4      | Bought an embroidered cloak for 240 gold pieces
  3920 | D:5      | Entered Level 5 of the Dungeon
  3962 | D:5      | Gained mutation: You regenerate magic rapidly. [demonic
                  | ancestry]
  3962 | D:5      | Reached XP level 7. HP: 55/55 MP: 7/7
  3995 | D:5      | Noticed Edmund
  4068 | D:5      | Noticed Sigmund
  4085 | D:5      | Found a staircase to the Ecumenical Temple.
  4091 | Temple   | Entered the Ecumenical Temple
  4096 | Temple   | Gained mutation: You do not regenerate when monsters are
                  | visible. [potion of mutation]
  4096 | Temple   | Gained mutation: You have supernaturally acute eyesight.
                  | (SInv) [potion of mutation]
  4096 | Temple   | Gained mutation: You are frail. (-10% HP) [potion of
                  | mutation]
  4096 | Temple   | Gained mutation: You expend magic power (3 MP) to
                  | strengthen your wands. [potion of mutation]
  4102 | Temple   | Killed Edmund
  4102 | Temple   | Reached skill level 5 in Fighting
  4110 | Temple   | Became a worshipper of the Wu Jian Council
  4124 | D:5      | Killed Sigmund
  4124 | D:5      | Reached skill level 7 in Unarmed Combat
  4445 | D:5      | Found Guwkeim's Antique Weapon Shop.
  4454 | D:5      | Found a shadowy altar of Dithmenos.
  4462 | D:5      | Noticed Blork the orc
  4467 | D:5      | Killed Blork the orc
  4467 | D:5      | Reached XP level 8. HP: 56/57 MP: 6/8
  4492 | D:5      | Noticed Prince Ribbit
  4506 | D:5      | Killed Prince Ribbit
  4506 | D:5      | Reached skill level 8 in Unarmed Combat
  4974 | D:6      | Reached skill level 9 in Unarmed Combat
  5274 | D:6      | Reached XP level 9. HP: 62/64 MP: 9/9
  5600 | D:6      | Reached * piety under Wu Jian
  5893 | D:6      | Found a runed translucent door.
  5894 | D:6      | Noticed Crazy Yiuf
  6030 | D:6      | Killed Crazy Yiuf
  6030 | D:6      | Reached skill level 1 in Evocations
  6264 | D:7      | Found a shattered altar of Ashenzari.
  6562 | D:7      | Reached skill level 10 in Unarmed Combat
  6800 | D:7      | Identified the ring "Tefiklups" {*Contam rElec rC+ Str+2}
  7325 | D:8      | Noticed Psyche
  7329 | D:8      | Reached ** piety under Wu Jian
  7334 | D:8      | Killed Psyche
  7334 | D:8      | Gained mutation: You have razor-sharp toenails. [demonic
                  | ancestry]
  7334 | D:8      | Reached XP level 10. HP: 64/72 MP: 10/12
  7362 | D:8      | Noticed a centaur warrior
  7777 | D:8      | Noticed a deep elf mage
  7778 | D:8      | Noticed a green ugly thing
  7778 | D:8      | Noticed a cyclops
  7788 | D:8      | Noticed an unseen horror
  8128 | D:9      | Reached skill level 11 in Unarmed Combat
  8169 | D:9      | Reached *** piety under Wu Jian
  8206 | D:9      | Found a staircase to the Orcish Mines.
  8459 | D:9      | Reached skill level 5 in Evocations
  9001 | D:9      | Found a staircase to the Lair.
  9114 | D:9      | Lost mutation: You are frail. (-10% HP) [potion of
                  | mutation]
  9114 | D:9      | Lost mutation: You expend magic power (3 MP) to strengthen
                  | your wands. [potion of mutation]
  9114 | D:9      | Lost mutation: You have supernaturally acute eyesight.
                  | (SInv) [potion of mutation]
  9114 | D:9      | Gained mutation: Your spells are a little harder to cast,
                  | but a little more powerful. [potion of mutation]
  9403 | D:9      | Reached skill level 12 in Unarmed Combat
  9624 | D:10     | Entered Level 10 of the Dungeon
  9624 | D:10     | Noticed a purple ugly thing
  9635 | D:10     | Killed a purple ugly thing
  9823 | D:10     | Reached **** piety under Wu Jian
  9865 | D:10     | Reached XP level 11. HP: 87/89 MP: 14/14
  9961 | D:10     | Noticed Gastronok
  9979 | D:10     | Killed Gastronok
  9979 | D:10     | Reached skill level 10 in Fighting
 10541 | Lair:1   | Entered Level 1 of the Lair of Beasts
 10563 | Lair:1   | Found a bloodstained altar of Trog.
 10563 | Lair:1   | Noticed an oklob plant
 10610 | Lair:1   | Noticed a six-headed hydra
 10630 | Lair:1   | HP: 4/91 [six-headed hydra (12)]
 10630 | Lair:1   | Slain by a six-headed hydra

Levels and vault maps discovered:
D:1:      heliophobic_arrival_battle_scene, layout_loops_ring
D:2:      layout_basic, grunt_temple_overflow_open,
          gammafunk_temple_overflow_statue, uniq_jessica
D:3:      layout_rooms, tso_altar, kennysheep_slug_shrine
D:4:      layout_basic, first_ration, serial_shops, nicolae_shop_waterfront
D:5:      layout_basic, grunt_dithmenos_smoke_and_mirrors, temple_green,
          serial_shops, shop, uniq_sigmund, uniq_prince_ribbit1, uniq_edmund,
          uniq_blork_the_orc
D:6:      layout_basic, uniq_crazy_yiuf_cottage
D:7:      layout_cave_pods, basic_altar, sword_in_stone
D:8:      layout_basic, minivault_12, uniq_psyche
D:9:      layout_irregular_city, due_lair_maze_entry_diamond, david_orc_2,
          the_bakery
D:10:     layout_cave_pools, serial_bayou_pond_e, nrook_campfire, minivault_22,
          uniq_gastronok
Temple:   cyrus_circular_temple
Lair:1:   layout_gridlike, minivault_26, chequers_serial_rivers_small_b,
          columned_hall_lemuel, lemuel_oklob_altar, infiniplex_staircase_pool_2

Skill      XL: |  1  2  3  4  5  6  7  8  9 10 11 |
---------------+----------------------------------+-----
Unarmed Combat | 3 4 5 6 7 9 10 12 | 12.9
Fighting       | 3 4 5 7 8 9 10 | 10.2
Evocations     | 3 5 |  5.0
Throwing       | |  1.7
Dodging        | |  2.6

Action                   |  1- 3 |  4- 6 |  7- 9 | 10-12 || total
-------------------------+-------+-------+-------+-------++-------
Melee: Unarmed           |   112 |   152 |   196 |   291 ||   751
       Punch             |     1 |     3 |    12 |    14 ||    30
       Kick              |       |    23 |    85 |   121 ||   229
Invok: Lunge             |       |       |    21 |    27 ||    48
       Whirlwind         |       |       |       |    19 ||    19
       Serpent's Lash    |       |       |       |     1 ||     1
  Use: Potion            |     1 |     3 |     6 |     1 ||    11
       Scroll            |     2 |     4 |     6 |     2 ||    14
 Stab: Sleeping          |     5 |     3 |     4 |     6 ||    18
  Eat: Chunk             |     1 |     9 |    10 |    10 ||    30
Armor: Leather armour    |    41 |    25 |    38 |    71 ||   175
Dodge: Dodged            |    69 |    67 |    68 |   135 ||   339

Table legend:
 A = Non-vault XP
 B = Vault XP
 C = Vault XP percentage of total XP
 D = Non-vault monster count
 E = Vault monster count
 F = Vault count percentage of total count
                 A         B        C        D         E       F
            +---------+---------+-------+---------+---------+-------
      Total |    9328 |    5602 |  37.5 |     216 |      31 |  12.6
            +---------+---------+-------+---------+---------+-------
        D:1 |      35 |       0 |   0.0 |      15 |       0 |   0.0
        D:2 |     103 |      37 |  26.4 |      21 |       1 |   4.5
        D:3 |     197 |       4 |   2.0 |      18 |       1 |   5.3
        D:4 |     314 |       0 |   0.0 |      14 |       0 |   0.0
        D:5 |     466 |     598 |  56.2 |      12 |       3 |  20.0
        D:6 |    1098 |      40 |   3.5 |      20 |       1 |   4.8
        D:7 |    1467 |     516 |  26.0 |      28 |       5 |  15.2
        D:8 |    1075 |     439 |  29.0 |      22 |       1 |   4.3
        D:9 |    2140 |    1466 |  40.7 |      38 |      17 |  30.9
       D:10 |    1350 |    2338 |  63.4 |      22 |       1 |   4.3
     Temple |       0 |     164 | 100.0 |       0 |       1 | 100.0
     Lair:1 |    1083 |       0 |   0.0 |       6 |       0 |   0.0
            +---------+---------+-------+---------+---------+-------
